 Dungeon Crawl Stone Soup version 0.21.0 (webtiles) character file.

147 theanonym the Chopper (level 5, -5/42 HPs)
             Began as a Human Abyssal Knight on Jan 7, 2018.
             Was a Believer of Lugonu.
             Slain by a gnoll (7 damage)
             ... on level 4 of the Dungeon.
             The game lasted 00:06:55 (4876 turns).

theanonym the Chopper (Human Abyssal Knight)        Turns: 4876, Time: 00:06:56

Health: -5/42      AC:  7    Str: 10 (13) XL:     5   Next: 55%
Magic:  6/6        EV: 13    Int: 12 (13) God:    Lugonu [**....]
Gold:   216        SH:  0    Dex: 16 (17) Spells: 4/4 levels left

rFire    + . .     SeeInvis .   a - +2 hand axe
rCold    + . .     Gourm    .   (no shield)
rNeg     . . .     Faith    .   r - +0 scale mail {10}
rPois    .         Spirit   .   (no helmet)
rElec    .         Reflect  .   h - scarf {rC+ rF+} {rF+ rC+}
rCorr    +         Harm     .   g - +0 pair of gloves
MR       .....                  (no boots)
Stlth    +.........             (no amulet)
HPRegen  0.14/turn              f - ring of resist corrosion {rCorr}
MPRegen  0.10/turn              (no ring)

@: agile, lethally poisoned (-5 -> -6)
A: no striking features
a: Depart the Abyss, Bend Space, Renounce Religion


   Skills:
 + Level 4.1 Fighting
 * Level 4.5 Axes
 - Level 2.0 Armour
 - Level 1.0 Dodging
 - Level 2.0 Invocations


You had 4 spell levels left.
You didn't know any spells.

Skill      XL: |  1  2  3  4 |
---------------+-------------+-----
Axes           | 3 4 |  4.5
Fighting       | 4 |  4.1
Armour         | |  2.0
Dodging        | |  1.0
Invocations    | |  2.0

Action                   |  1- 3 |  4- 6 || total
-------------------------+-------+-------++-------
Melee: Hand axe          |    82 |    86 ||   168
Invok: Depart the Abyss  |     1 |       ||     1
  Use: Potion            |     1 |     4 ||     5
       Scroll            |       |     7 ||     7
  Eat: Chunk             |     2 |     1 ||     3
       Ration            |       |     3 ||     3
Armor: Leather armour    |    14 |     7 ||    21
       Scale mail        |       |    17 ||    17
Dodge: Dodged            |    52 |    66 ||   118

Inventory:

Hand Weapons
 a - a +2 hand axe (weapon)
Armour
 b - a +0 leather armour {4}
 g - a +0 pair of gloves (worn)
   (You found it on level 4 of the Dungeon)
 h - a scarf of resistance (worn) {rF+ rC+}
   (You found it on level 2 of the Dungeon)
 r - a +0 scale mail (worn) {10}
   (You found it on level 3 of the Dungeon)
Jewellery
 f - a ring of resist corrosion (left hand) {rCorr}
   (You found it on level 1 of the Dungeon)
Scrolls
 d - 2 scrolls of teleportation {unknown}
 i - 2 scrolls of fog {unknown}
 k - 2 scrolls of amnesia {unknown}
 l - a scroll of immolation {unknown}
 q - 3 scrolls of remove curse {unknown}
Potions
 j - a potion of mutation
 m - 2 potions of brilliance
 n - a potion of cancellation
 o - 2 potions of flight
 p - a potion of degeneration
 s - a potion of lignification {unknown}
Comestibles
 e - 3 rations


You were on level 4 of the Dungeon.
You worshipped Lugonu.
Lugonu was pleased with you.
You were not hungry.

You visited 1 branch of the dungeon, and saw 4 of its levels.
You visited the Abyss 1 time.

You collected 216 gold pieces.

Dungeon Overview and Level Annotations

Branches:
Dungeon (4/15)
 Temple: D:4-7

Altars:
Nemelex Xobeh
Trog

Annotations:
D:2 Sigmund
D:3 Ghouzt's ghost, amateur DrBe

.....# ....#..# ###
#......######...
..######........(.....
............#........
........# #.#......#
........###....gg..######
.....$........gg@....%...
........#####..###....### .
...............# #.##.# .#
........g..#...###.##.###.#
........##...>..##.##....
........#####...##.#...#
...g†(..# #......#..##
...###### #..##......### #.
#..##....<...######


You could see 4 gnolls.

Notes
Turn   | Place    | Note
-------+----------+-------------------------------------------
     0 | Abyss:1  | theanonym the Human Abyssal Knight began the quest for the Orb.
     0 | Abyss:1  | Reached XP level 1. HP: 18/18 MP: 2/2
    65 | Abyss:1  | Noticed a guardian serpent
    65 | D:1      | Escaped the Abyss
   250 | D:1      | Reached XP level 2. HP: 20/24 MP: 3/3
   474 | D:1      | Reached * piety under Lugonu
   970 | D:2      | HP: 12/24 [worm (6)]
   974 | D:2      | Reached XP level 3. HP: 15/29 MP: 4/4
  1193 | D:2      | HP: 13/29 [adder (3)]
  1196 | D:2      | Reached skill level 3 in Axes
  1203 | D:2      | HP: 12/29 [worm (5)]
  1673 | D:2      | Reached XP level 4. HP: 30/35 MP: 5/5
  1858 | D:2      | Noticed Sigmund
  1865 | D:2      | HP: 13/36 [Sigmund/scythe of slicing (10)]
  1865 | D:2      | HP: 6/36 [hobgoblin/club (5)]
  1867 | D:1      | HP: 1/36 [hobgoblin/club (6)]
  2638 | D:2      | Found a bloodstained altar of Trog.
  2950 | D:3      | Reached ** piety under Lugonu
  2958 | D:3      | Noticed Ghouzt's ghost (amateur DrBe)
  3116 | D:3      | Found a sparkling altar of Nemelex Xobeh.
  3336 | D:4      | Noticed an ogre
  3759 | D:2      | Found a bloodstained altar of Trog.
  4629 | D:4      | HP: 18/37 [scorpion (6)]
  4633 | D:4      | Reached skill level 4 in Axes
  4634 | D:4      | HP: 12/37 [poisoned by a scorpion]
  4637 | D:4      | Reached skill level 4 in Fighting
  4637 | D:4      | Reached XP level 5. HP: 14/42 MP: 6/6
  4651 | D:4      | HP: 14/42 [jackal (2)]
  4659 | D:4      | HP: 15/42 [jackal (1)]
  4870 | D:4      | HP: 21/42 [gnoll/spear of piercing (1)]
  4875 | D:4      | HP: 4/42 [gnoll/spear of piercing (7)]
  4876 | D:4      | Slain by a gnoll

Vanquished Creatures
  A scorpion (D:4)
  4 adders
  3 worms
  3 dart slugs (D:2)
  2 leopard geckos (D:3)
  An orc (D:3)
  2 bats (D:1)
  5 giant cockroaches
  5 goblins
  5 hobgoblins
  5 jackals
  4 kobolds
  A quokka (D:3)
  2 ball pythons (D:2)
  A frilled lizard (D:3)
  2 rats
46 creatures vanquished.

Table legend:
 A = Turns spent in this place as a percentage of turns spent in the entire game.
 B = Non-inter-level travel turns spent in this place as a percentage of non-inter-level travel turns spent in the entire game.
 C = Inter-level travel turns spent in this place as a percentage of turns spent in this place.
 D = Turns resting spent in this place as a percentage of non-inter-level travel turns spent in this place.
 E = Turns spent auto-exploring this place as a percentage of non-inter-level travel turns spent in this place.
 F = Non-inter-level travel turns spent in this place divided by the number of levels of this place that you've seen.
                   A       B       C       D       E      F
               +-------+-------+-------+-------+-------+----------------------
         Total | 100.0 | 100.0 |   3.8 |  31.4 |  57.1 | 938.6
       Dungeon |  98.7 |  98.6 |   3.8 |  31.8 |  56.5 | 1157.0
         Abyss |   1.3 |   1.4 |   0.0 |   0.0 |  98.5 |  65.0
               +-------+-------+-------+-------+-------+----------------------
